 Dungeon Crawl Stone Soup version 0.26-a0-812-g31a745ddcd (webtiles) character file.

Game seed: 7407090157878650188

49 tilp the Vandal (level 4, 5/29 HPs)
             Began as a Halfling Hunter on Nov 26, 2020.
             Quit the game on level 2 of the Dungeon.
             The game lasted 00:02:07 (1098 turns).

tilp the Vandal (Halfling Hunter)                   Turns: 1098, Time: 00:02:07

Health: 5/29       AC:  5    Str: 14    XL:     4   Next: 1%
Magic:  4/4        EV: 13    Int:  9    God:
Gold:   35         SH:  0    Dex: 14    Spells: 3/3 levels left

rFire    . . .     SeeInvis .   a - +1 hunting sling
rCold    . . .     Faith    .   (shield restricted)
rNeg     . . .     Spirit   .   i - +0 ring mail
rPois    .         Reflect  .   (no helmet)
rElec    .         Harm     .   (no cloak)
rCorr    .         Rampage  .   (no gloves)
MR       .....                  (no boots)
Stlth    +.........             (no amulet)
HPRegen  0.09/turn              (no ring)
MPRegen  0.09/turn              (no ring)

@: lethally poisoned (5 -> -4)
A: small, mutation resistance 1
a: no special abilities


You were on level 2 of the Dungeon.
You visited 1 branch of the dungeon, and saw 2 of its levels.

You collected 35 gold pieces.

Inventory:

Hand Weapons
 a - a +1 hunting sling (weapon)
 b - a +0 short sword
Missiles
 d - 56 sling bullets (quivered)
 e - 13 stones
Armour
 i - a +0 ring mail (worn)
Scrolls
 g - 2 scrolls of identify
 h - a scroll of teleportation {unknown}
Potions
 f - a potion of attraction


   Skills:
 - Level 1.7 Fighting
 + Level 7.7 Slings
 - Level 2.1 Dodging
 - Level 1.1 Stealth


You had 3 spell levels left.
You didn't know any spells.
Your spell library was empty.

Dungeon Overview and Level Annotations

Branches:
Dungeon (2/15)

Altars:


Innate Abilities, Weirdness & Mutations

You are small and have problems with some larger weapons.
You are somewhat resistant to further mutation.


Message History

Things that are here:
2 sling bullets; 2 stones; an adder corpse
* * * LOW HITPOINT WARNING * * *
You feel sick.
Found an escape hatch in the floor.
Things that are here:
3 stones; 5 gold pieces
* * * LOW HITPOINT WARNING * * *
You feel sick.
You see here 4 stones.
* * * LOW HITPOINT WARNING * * *
You feel sick.
You see here 2 stones.
* * * LOW HITPOINT WARNING * * *
You feel sick.
* * * LOW HITPOINT WARNING * * *
You feel sick.
* * * LOW HITPOINT WARNING * * *
You feel sick.
Are you sure you want to abandon this character and quit the game? (Confirm with "yes".)

####### # #.....# #.#
####.#.....# #.########
..#.#.>.$.# ..#.......
#.#....@..# #.#.......
#.###(##### #.#.......
#..(((#...# #.#.......
#.#.#####...#####.##.#####
#>............†...†.......
#.###############.........
#. ............. #
#############


There were no monsters in sight!

Vanquished Creatures
  An adder (D:2)
  A dart slug (D:1)
  2 leopard geckos
  3 bats
  3 giant cockroaches
  A goblin (D:1)
  5 hobgoblins (D:1)
  4 jackals (D:1)
  3 kobolds
  5 frilled lizards
  6 rats
34 creatures vanquished.

Notes
Turn   | Place    | Note
-------+----------+-------------------------------------------
     0 | D:1      | tilp the Halfling Hunter began the quest for the Orb.
     0 | D:1      | Reached XP level 1. HP: 14/14 MP: 1/1
    19 | D:1      | Reached skill level 6 in Slings
   342 | D:1      | Reached XP level 2. HP: 19/19 MP: 2/2
   645 | D:1      | Reached skill level 7 in Slings
   645 | D:1      | Reached XP level 3. HP: 23/24 MP: 3/3
  1089 | D:2      | Reached XP level 4. HP: 14/29 MP: 4/4
  1098 | D:2      | Quit the game

Illustrated notes

Levels and vault maps discovered:
D:1:      dpeg_arrival_fog, layout_basic
D:2:      layout_basic, uniq_terence

Skill      XL: |  1  2 |
---------------+-------+-----
Slings         | 6 7 |  7.7
Fighting       | |  1.7
Dodging        | |  2.1
Stealth        | |  1.1

Action                   |  1- 3 |  4- 6 || total
-------------------------+-------+-------++-------
Melee: Short sword       |    45 |       ||    45
 Fire: Hunting sling     |    63 |       ||    63
  Use: Scroll            |     2 |       ||     2
       Potion            |       |     1 ||     1
 Stab: Sleeping          |     1 |       ||     1
Armor: Leather armour    |     4 |       ||     4
       Ring mail         |     4 |       ||     4
Dodge: Dodged            |    32 |       ||    32

Table legend: (Time is in decaauts)
 A = Elapsed time spent in this place.
 B = Non-inter-level travel time spent in this place.
 C = Inter-level travel time spent in this place.
 D = Time resting spent in this place.
 E = Time spent auto-exploring this place.
 F = Levels seen in this place.
 G = Mean time per level.
                   A        B        C        D        E       F      G
               +--------+--------+--------+--------+--------+-----+--------+
         Total |   1079 |   1052 |     27 |    164 |    660 |   2 |  539.5 |
       Dungeon |   1079 |   1052 |     27 |    164 |    660 |   2 |  539.5 |
               +--------+--------+--------+--------+--------+-----+--------+

Top non-repeatable levels by time:
     D:1: 856 daAuts
     D:2: 223 daAuts
